AoeStats
← BlackOwl

Arabia

513324596Analyzed
2v2 RM · 4d ago on Oct 13, 2026· 79m 16s· 4 players
Game mode
Random Map
Map size
Medium (4 player)
Population
200
Speed
Normal
Resources
Standard
Victory
Conquest
Starting age
Dark Age
Ending age
Imperial Age
RankedLock teamsTeams togetherTeam positionsShared explorationLock speedFull tech treeHidden civsTurbo modeCheats
Victory
Defeat
🇦🇷 Inca · Argentina
1011
+15
🇦🇷 Celts · Argentina
989
+16
vs
🇲🇽 Koreans · Mexico
1030
-17
🇲🇽 Spanish · Mexico
963
-14
rodrigg2003
6:19 Loom
10:11 Feudal Age
11:59 Double-Bit Axe
25:33 Castle Age
24:08 Stone Mining
26:07 Wheelbarrow
27:01 Stone Shaft Mining
26:59 Fletching
27:50 Bodkin Arrow
29:25 Town Watch
38:37 Man-at-Arms
40:51 Scale Mail Armor
40:41 Horse Collar
40:44 Long Swordsman
43:27 Chain Mail Armor
43:22 Forging
44:46 Forging
46:28 Gold Mining
48:08 Hand Cart
48:33 Gold Shaft Mining
49:02 Iron Casting
49:11 Town Patrol
49:25 Heavy Plow
51:40 Bow Saw
56:02 Imperial Age
55:13 Town Patrol
56:49 Bracer
57:17 Two-Handed Swordsman
60:56 Squires
66:08 Two-Man Saw
BlackOwl
5:57 Loom
15:35 Feudal Age
17:36 Double-Bit Axe
22:29 Castle Age
22:20 Horse Collar
24:09 Bow Saw
31:12 Wheelbarrow
30:31 Town Watch
31:56 Town Patrol
32:14 Hand Cart
37:45 Imperial Age
37:55 Elite Conquistador
38:56 Conscription
41:22 Forging
41:17 Scale Barding Armor
41:55 Bloodlines
41:47 Husbandry
43:11 Iron Casting
42:21 Cavalier
43:28 Fletching
43:59 Chain Barding Armor
45:23 Gold Mining
51:20 Paladin
52:01 Bodkin Arrow
61:27 Devotion
63:43 Faith
74:36 Caravan
77:02 Two-Man Saw
76:11 Heavy Plow
Franklin
9:56 Feudal Age
9:19 Loom
10:38 Champi Runner
14:11 Forging
17:25 Scale Mail Armor
17:34 Double-Bit Axe
18:30 Arson
23:54 Castle Age
22:12 Horse Collar
23:47 Gold Mining
25:30 Iron Casting
25:30 Bow Saw
25:53 Champi Warrior
27:02 Chain Mail Armor
30:04 Fletching
32:20 Squires
35:15 Imperial Age
36:30 Ballistics
36:09 Bodkin Arrow
37:19 Heavy Plow
38:06 Gold Shaft Mining
37:44 Elite Champi Warrior
40:00 Bracer
41:01 Blast Furnace
40:34 Caravan
42:05 Theocracy
41:27 Elite Skirmisher
42:28 Thumb Ring
43:26 Redemption
44:20 Padded Archer Armor
44:32 Siege Engineers
45:39 Block Printing
48:37 Illumination
53:50 Chemistry
53:57 Wheelbarrow
55:30 Sanctity
60:49 Elite Kamayuk
61:56 Conscription
70:27 Pikeman
79:03 Hand Cart
Mek666nix
6:28 Loom
19:46 Feudal Age
20:53 Double-Bit Axe
22:19 Horse Collar
22:58 Gold Mining
26:18 Castle Age
24:44 Stone Mining
26:50 Scale Barding Armor
26:45 Scale Mail Armor
26:55 Forging
31:20 Imperial Age
29:40 Chain Barding Armor
29:35 Chain Mail Armor
29:55 Iron Casting
41:47 Heavy Plow
43:52 Murder Holes
44:19 Ballistics
45:35 Siege Engineers
46:04 Conscription
47:19 Wheelbarrow
46:46 Arson
46:46 Gambesons
46:49 Pikeman
49:24 Halberdier
50:11 Elite Skirmisher
56:27 Capped Ram
58:09 Siege Ram
61:06 Stone Shaft Mining
68:16 Hand Cart
73:56 Onager
78:21 Siege Onager
Connection lost

Rejoining the realm…

Still unreachable

The connection could not be restored.

Session expired

The server has moved on; the page needs a fresh start.